 Dungeon Crawl Stone Soup version 0.31-a0-204-g7da18cac08 (webtiles) character file.

Game seed: 17633129555192621764

1745 innerfire43 the Reanimator (level 8, -3/61 HPs)
             Began as a Demonspawn Monk on June 27, 2023.
             Was a Believer of Makhleb.
             Killed from afar by Maggie (16 damage)
             ... with a bolt of fire
             ... on level 6 of the Dungeon.
             The game lasted 00:08:33 (4847 turns).

innerfire43 the Reanimator (Demonspawn Monk)        Turns: 4847, Time: 00:08:34

Health: -3/61      AC: 19    Str: 13    XL:     8   Next: 77%
Magic:  8/8        EV:  3    Int: 12    God:    Makhleb [**....]
Gold:   259        SH:  0    Dex: 16    Spells: 7/7 levels left

rFire   . . .        r - +4 trident (pain)
rCold   . . .        d - orb {light}
rNeg    . . .        l - +2 plate armour
rPois   .            c - +1 helmet
rElec   .            C - +0 cloak {Stlth+}
rCorr   .            o - +0 pair of gloves
SInv    .            (no boots)
Will    .....        B - amulet of faith Stlth
                     m - ring of flight
HPRegen 0.30/turn    (no ring)
MPRegen 0.11/turn

%: faith
@: flying, glowing
A: molten scales 2, demonic guardian 1, demonic touch 1
a: Renounce Religion, Minor Destruction


You were on level 6 of the Dungeon.
You worshipped Makhleb.
Makhleb was pleased with you.
You visited 1 branch of the dungeon, and saw 6 of its levels.

You collected 259 gold pieces.

Inventory:

Hand Weapons
 a - a +0 hand axe
 k - a +1 vampiric spear
 r - a +4 trident of pain (weapon)
 v - a +0 war axe of freezing
Armour
 b - a +0 robe
 c - a +1 helmet (worn)
 d - an orb of light (worn)
 l - a +2 plate armour (worn)
 o - a +0 pair of gloves (worn)
 y - a +1 leather armour of cold resistance
 C - a +0 cloak of stealth (worn)
Jewellery
 m - a ring of flight (left hand)
 B - an amulet of faith (around neck)
Wands
 w - a wand of mindburst (10)
Scrolls
 e - 3 scrolls of amnesia
 f - 4 scrolls of teleportation
Potions
 g - a potion of resistance
 i - a potion of brilliance {unknown}
 n - a potion of mutation {unknown}
 p - 2 potions of attraction {unknown}
 q - a potion of haste {unknown}
 s - 2 potions of might {unknown}
 t - a potion of heal wounds {unknown}
 x - a potion of curing
 z - a potion of magic {unknown}


   Skills:
 - Level 4.5 Fighting
 - Level 3.1(4.0) Axes
 + Level 3.6(4.2) Polearms
 * Level 0.0 Armour
 - Level 3.3 Dodging
 + Level 10.2 Necromancy


You had 7 spell levels left.
You didn't know any spells.
Your spell library contained the following spells:

 Spells                   Type           Power      Damage    Failure   Level
 Beastly Appendage        Tmut           0%         N/A       100%        1
 Shock                    Conj/Air       0%         1d3       100%        1
 Wereblood                Tmut           0%         N/A       100%        2
 Spider Form              Tmut/Pois      0%         N/A       100%        3
 Swiftness                Air            0%         N/A       100%        3
 Airstrike                Air            0%         2d(0-16)  100%        4
 Chain Lightning          Conj/Air       0%         N/A       100%        9
 Fire Storm               Conj/Fire      0%         5d1       100%        9
 Shatter                  Erth           0%         3d5*      100%        9


Dungeon Overview and Level Annotations

Branches:
Dungeon (6/15)             Temple (0/1) D:4

Altars:
Fedhas
Makhleb
Ru
Xom

Annotations:
D:6 Maggie


Innate Abilities, Weirdness & Mutations

You are mostly covered in molten scales. (AC +3)
A weak demonic guardian rushes to your aid.
Your touch may inflict minor irresistible damage on your foes.


Message History

The gnoll bouda gazes fiercely through you!
You feel your attacks grow feeble.
Found an embroidered scarf and 14 gold pieces.
The gnoll bouda barks out a call to the hunt!
The gnolls pick up the pace!
Maggie points at you and mumbles some strange words.
The bolt of fire hits the gnoll!!
The gnoll dies!
The bolt of fire hits you!!
A demonic guardian appears!
Maggie gestures at you while chanting. The bolt of fire hits your quasit!
Your quasit resists.
The bolt of fire hits you!!
You feel better.
Maggie points at you and mumbles some strange words.
The bolt of fire hits your quasit!
Your quasit resists.
Your quasit dies!
Your quasit disappears in a puff of smoke!
The bolt of fire hits the gnoll!!
The gnoll dies!
The bolt of fire hits you!
* * * LOW HITPOINT WARNING * * *
A gnoll comes into view. It is wielding a +0 spear.
Your attacks no longer feel as feeble.
The gnoll shouts!
Maggie gestures at you while chanting.
The bolt of fire hits the gnoll!!
The gnoll dies!
The bolt of fire hits you.
* * * LOW HITPOINT WARNING * * *
Maggie points at you and mumbles some strange words.
The bolt of fire hits the gnoll!
The bolt of fire hits you!
* * * LOW HITPOINT WARNING * * *
You feel better. Maggie casts a spell at you.
The bolt of fire hits the gnoll!!
The gnoll dies!
The bolt of fire hits you!
You die...

#.........#
+.....$...+
.........
..@[... .....
)g. #)# #@# #.#
##.## ##...##
#....(#
##...#########
##.#.........
.#.##.#.########
......<<#


You could see Maggie and a gnoll bouda.

Vanquished Creatures
  Menkaure (D:5)
  A water moccasin (D:5)
  An ice beast (D:5)
  2 black bears (D:5)
  2 ogres (D:5)
  A centaur (D:5)
  3 scorpions
  A wight (D:5)
  An orc priest (D:4)
  3 hounds (D:5)
  4 jellies
  3 iguanas
  Ijyb (D:4)
  Terence (D:3)
  2 orc wizards
  Robin (D:4)
  9 adders
  2 shadow imps (D:5)
  2 white imps (D:5)
  An ufetubus (D:5)
  A worm (D:4)
  5 dart slugs
  14 orcs
  8 ball pythons
  2 bats
  6 endoplasms
  4 giant cockroaches
  14 goblins
  7 hobgoblins
  4 jackals (D:1)
  8 kobolds
  6 quokkas
  4 frilled lizards
  3 rats
128 creatures vanquished.

Vanquished Creatures (collateral kills)
  A hound (D:4)
  An iguana (D:5)
  2 orc wizards (D:4)
  4 orcs
  A hobgoblin (D:4)
9 creatures vanquished.

Vanquished Creatures (others)
  4 gnolls (D:6)
4 creatures vanquished.

Grand Total: 141 creatures vanquished

Notes
Turn   | Place    | Note
-------+----------+-------------------------------------------
     0 | D:1      | innerfire43 the Demonspawn Monk began the quest for the
                  | Orb.
     0 | D:1      | Reached XP level 1. HP: 18/18 MP: 1/1
   211 | D:1      | Gained mutation: You are partially covered in molten
                  | scales. (AC +2) [demonic ancestry]
   211 | D:1      | Reached XP level 2. HP: 15/24 MP: 2/2
   453 | D:1      | Gained mutation: You are mostly covered in molten scales.
                  | (AC +3) [demonic ancestry]
   453 | D:1      | Reached XP level 3. HP: 26/29 MP: 3/3
   901 | D:2      | Found a sacrificial altar of Ru.
  1106 | D:2      | Reached skill level 1 in Polearms
  1215 | D:2      | Gained mutation: A weak demonic guardian rushes to your
                  | aid. [demonic ancestry]
  1215 | D:2      | Reached XP level 4. HP: 37/37 MP: 4/4
  1765 | D:3      | Noticed Terence
  1784 | D:3      | Killed Terence
  1785 | D:3      | Reached skill level 1 in Necromancy
  1977 | D:3      | Identified the +5 dagger "Ejuluzuwn" {protect, Dex+3}
  2174 | D:3      | Reached XP level 5. HP: 41/42 MP: 5/5
  2447 | D:4      | Reached skill level 2 in Necromancy
  2707 | D:4      | Found a burning altar of Makhleb.
  2752 | D:4      | Reached XP level 6. HP: 5/48 MP: 6/6
  2752 | D:4      | HP: 2/48 [orc/+0 trident (7)]
  2901 | D:4      | Found a shimmering altar of Xom.
  3001 | D:4      | Found a sacrificial altar of Ru.
  3042 | D:4      | Reached skill level 3 in Necromancy
  3082 | D:4      | Noticed Robin
  3112 | D:4      | Killed Robin
  3206 | D:4      | Found a staircase to the Ecumenical Temple.
  3217 | D:4      | Found a blossoming altar of Fedhas.
  3320 | D:4      | Noticed Ijyb
  3326 | D:4      | Killed Ijyb
  3422 | D:4      | Reached skill level 4 in Necromancy
  3609 | D:4      | Became a worshipper of Makhleb the Destroyer
  3609 | D:4      | Reached * piety under Makhleb
  3609 | D:4      | Reached ** piety under Makhleb
  3629 | D:5      | Entered Level 5 of the Dungeon
  3634 | D:5      | Gained mutation: Your touch may inflict minor irresistible
                  | damage on your foes. [demonic ancestry]
  3634 | D:5      | Reached XP level 7. HP: 55/55 MP: 7/7
  3760 | D:5      | Reached skill level 5 in Necromancy
  3963 | D:5      | Reached skill level 6 in Necromancy
  4125 | D:5      | Reached skill level 7 in Necromancy
  4163 | D:5      | Reached XP level 8. HP: 61/61 MP: 8/8
  4208 | D:5      | Noticed Menkaure
  4218 | D:5      | Killed Menkaure
  4421 | D:5      | Reached skill level 8 in Necromancy
  4535 | D:5      | Reached skill level 9 in Necromancy
  4554 | D:5      | Reached skill level 10 in Necromancy
  4841 | D:6      | Noticed Maggie
  4847 | D:6      | Killed from afar by Maggie

Illustrated notes

Levels and vault maps discovered:
D:1:      saegor_arrival_simple_a, layout_loops_ring, minmay_tetromino_t2
D:2:      layout_basic, basic_altar
D:3:      layout_loops_corners, zin_academy, grunt_ministairs_3, uniq_terence
D:4:      layout_loops_ring, nicolae_ru_the_path_less_chosen, fedhas_altar_3,
          minitemple, kennysheep_mini, minmay_temple_entry_butterflies,
          grunt_tough_drop, uniq_robin, uniq_ijyb
D:5:      minmay_clustersquares, layout_loops_ring, st_stairs_11, uniq_menkaure
D:6:      layout_loops_corners, uniq_maggie, uniq_sigmund, uniq_duvessa

Skill      XL: |  1  2  3  4  5  6  7  8 |
---------------+-------------------------+-----
Axes           | 3 |  3.1
Dodging        | 3 |  3.3
Polearms       | 1 2 3 |  3.6
Necromancy     | 1 2 4 7 10 | 10.2
Fighting       | 4 |  4.5

Action                     |  1- 3 |  4- 6 |  7- 9 || total
---------------------------+-------+-------+-------++-------
  Melee: Hand axe          |    66 |       |       ||    66
         Spear             |    68 |   220 |       ||   288
         Trident           |       |    25 |   123 ||   148
    Use: Potion            |       |     1 |     2 ||     3
         Scroll            |       |       |    10 ||    10
 Armour: Robe              |    28 |    51 |       ||    79
         Leather armour    |       |     5 |    39 ||    44
  Dodge: Dodged            |    76 |   147 |    77 ||   300

Table legend: (Time is in decaauts)
 A = Elapsed time spent in this place.
 B = Non-inter-level travel time spent in this place.
 C = Inter-level travel time spent in this place.
 D = Time resting spent in this place.
 E = Time spent auto-exploring this place.
 F = Levels seen in this place.
 G = Mean time per level.
                   A        B        C        D        E       F      G
               +--------+--------+--------+--------+--------+-----+--------+
         Total |   4854 |   4493 |    361 |      0 |   3596 |   6 |  809.0 |
       Dungeon |   4854 |   4493 |    361 |      0 |   3596 |   6 |  809.0 |
               +--------+--------+--------+--------+--------+-----+--------+

Top non-repeatable levels by time:
     D:5: 1211 daAuts
     D:4: 1185 daAuts
     D:3: 1083 daAuts
     D:1: 873 daAuts
     D:2: 483 daAuts
     D:6: 16 daAuts
